 Dungeon Crawl Stone Soup version 0.28.0-43-g3370ac3207 (webtiles) character file.

Game seed: 13369019325556302612

1375 Zeld the Zephyrmancer (level 8, -2/41 HPs)
             Began as a Tengu Air Elementalist on Apr 1, 2022.
             Was an Initiate of Vehumet.
             Succumbed to a kobold brigand's curare-tipped dart
             ... on level 7 of the Dungeon.
             The game lasted 00:10:30 (8242 turns).

Zeld the Zephyrmancer (Tengu Air Elementalist)      Turns: 8242, Time: 00:10:31

Health: -2/41      AC:  4    Str: 10    XL:     8   Next: 66%
Magic:  7/18       EV: 15    Int: 17    God:    Vehumet [......]
Gold:   342        SH:  0    Dex: 14    Spells: 9/19 levels left

rFire   . . .      SeeInvis .   p - +8 whip "Cuhant" {speed, rElec}
rCold   . . .      Faith    .   (no shield)
rNeg    . . .      Spirit   .   a - +0 robe
rPois   .          Reflect  .   (helmet restricted)
rElec   +          Harm     .   y - +0 cloak
rCorr   .          Rampage  .   g - +0 pair of gloves
Will    .....                   (boots unavailable)
Stlth   ++........              (no amulet)
HPRegen 0.13/turn               (no ring)
MPRegen 0.16/turn               (no ring)

@: lethally poisoned (-2 -> -25), flying quickly and evasively, slowed, very
slow
A: beak, talons 3, nimble flight
a: Renounce Religion


You were on level 7 of the Dungeon.
You worshipped Vehumet.
Vehumet was noncommittal.
You visited 2 branches of the dungeon, and saw 8 of its levels.

You collected 342 gold pieces.

Inventory:

Hand Weapons
 p - the +8 whip "Cuhant" (weapon) {speed, rElec}
   (You found it on level 5 of the Dungeon)

   Attacks with this weapon are significantly faster.
   rElec:     It insulates you from electricity.
Armour
 a - a +0 robe (worn)
 g - a +0 pair of gloves (worn)
 y - a +0 cloak (worn)
Wands
 t - a wand of flame (42)
Scrolls
 d - 3 scrolls of fear {unknown}
 f - 2 scrolls of identify {unknown}
 h - a scroll of vulnerability {unknown}
 i - a scroll of holy word {unknown}
 k - 4 scrolls of teleportation {unknown}
 o - a scroll of amnesia {unknown}
 q - a scroll of silence {unknown}
 r - a scroll of enchant weapon {unknown}
 s - a scroll of immolation {unknown}
 x - a scroll of summoning {unknown}
Potions
 b - a potion of cancellation {unknown}
 c - a potion of degeneration {unknown}
 e - 2 potions of mutation {unknown}
 j - 2 potions of might {unknown}
 l - a potion of haste {unknown}
 m - 5 potions of curing {unknown}
 n - a potion of brilliance {unknown}
 u - a potion of attraction {unknown}
 v - a potion of resistance {unknown}
 w - a potion of ambrosia {unknown}


   Skills:
 - Level 3.0 Dodging
 - Level 3.0 Stealth
 * Level 6.1 Spellcasting
 + Level 5.7 Conjurations
 * Level 9.2 Air Magic


You had 9 spell levels left.
You knew the following spells:

 Your Spells              Type           Power      Damage    Failure   Level
a - Shock                 Conj/Air       100%       1d9       1%          1
b - Static Discharge      Conj/Air       30%        N/A       1%          2
c - Swiftness             Air            36%        N/A       1%          3
d - Airstrike             Air            18%        N/A       3%          4

Your spell library contained the following spells:

 Spells                   Type           Power      Damage    Failure   Level
 Corpse Rot               Necr/Air       40%        N/A       3%          2
 Poisonous Vapours        Pois/Air       40%        N/A       3%          2
 Gell's Gravitas          Tloc           5%         N/A       36%         3
 Teleport Other           Tloc           5%         N/A       36%         3
 Dispersal                Tloc           2%         N/A       100%        6


Dungeon Overview and Level Annotations

Branches:
Dungeon (7/15)             Temple (1/1) D:4

Altars:
Ashenzari
Cheibriados
Dithmenos
Elyvilon
Fedhas
Hepliaklqana
Kikubaaqudgha
Makhleb
Nemelex Xobeh
Okawaru
Qazlal
Ru
Trog
Vehumet
Xom
The Shining One
Lugonu


Innate Abilities, Weirdness & Mutations

You have a beak for a mouth.
You have claws for feet.
Your magical nature lets you fly swiftly and evasively.


Message History

Press: ? - help, Dir - move target, f - kobold
Aim: a kobold, wielding a +0 short sword (empty space bonus: 6/8)
The air twists around and strikes the kobold!
You kill the kobold!
Vehumet accepts your kill.
You hear an angry hiss.
An iguana comes into view.
The kobold brigand throws a curare-tipped dart.
The curare-tipped dart barely misses you.
A kobold comes into view. It is wielding a +0 dagger.
Casting: Airstrike (dangerous; 3% risk of failure)
Confirm with . or Enter, or press ? or * to list all spells.
Aiming: Airstrike (dangerous; 3% risk of failure)
Press: ? - help, Dir - move target, f - kobold
Aim: a kobold, wielding a +0 short sword (empty space bonus: 8/8)
The air twists around and strikes the kobold!
You kill the kobold!
Vehumet accepts your kill.
Unknown command.
The kobold brigand throws a curare-tipped dart.
The curare-tipped dart hits you.
You are poisoned.
You have difficulty breathing.
You feel yourself slow down.
You feel very sick.
You feel very sick.
You feel very sick.
You feel sick.
You feel sick.
You feel sick.
You feel sick.
You feel sick.
You are no longer poisoned.
You feel yourself speed up.
The kobold brigand throws a curare-tipped dart.
The curare-tipped dart hits you.
You are lethally poisoned!
You have difficulty breathing.
* * * LOW HITPOINT WARNING * * *
You feel yourself slow down.
You die...

.....#.##...........#
......#.###.......##.#
.[.............K...#.#
.............#....##.#
#........#l....#.#
.........#K....#.#
##.......#.#...#.#
...............#.#
...........@.....#
.....###.###....# ...
#.##.....##### .
#.##.#.>.....#
#.##.#..##.#.#
#....#..#[.#.#
######.##....#
#.........###
#.###.##.##


You could see an iguana and a kobold.

Vanquished Creatures
  A sky beast (D:5)
  A necrophage (D:7)
  Pargi (D:4)
  An ogre (D:6)
  2 phantoms (D:5)
  A centaur (D:6)
  3 bullfrogs
  A scorpion (D:4)
  A centaur zombie (D:5)
  3 orc priests
  3 hounds
  A jelly (D:6)
  A bullfrog skeleton (D:6)
  A centaur skeleton (D:7)
  2 orc wizards
  A howler monkey zombie (D:6)
  2 adders
  4 gnolls (D:3)
  3 ufetubi
  A worm (D:2)
  3 dart slugs (D:1)
  12 orcs
  3 endoplasms (D:1)
  5 giant cockroaches
  8 goblins
  9 hobgoblins
  8 jackals
  10 quokkas
  3 ball pythons
  7 bats
  13 kobolds
  2 rats
117 creatures vanquished.

Vanquished Creatures (others)
  2 demonic plants (Temple)
2 creatures vanquished.

Grand Total: 119 creatures vanquished

Notes
Turn   | Place    | Note
-------+----------+-------------------------------------------
     0 | D:1      | Zeld the Tengu Air Elementalist began the quest for the
                  | Orb.
     0 | D:1      | Reached XP level 1. HP: 10/10 MP: 4/4
   277 | D:1      | Reached XP level 2. HP: 15/15 MP: 1/6
   969 | D:1      | Reached XP level 3. HP: 19/19 MP: 4/7
  1484 | D:1      | Found a faded altar of an unknown god.
  1828 | D:1      | Learned a level 2 spell: Static Discharge
  1832 | D:1      | Learned a level 3 spell: Swiftness
  2014 | D:2      | Reached XP level 4. HP: 24/24 MP: 2/9
  2393 | D:2      | Reached skill level 5 in Air Magic
  3223 | D:3      | Gained mutation: Your magical nature lets you fly swiftly
                  | and evasively. [Tengu growth]
  3223 | D:3      | Reached XP level 5. HP: 18/28 MP: 3/10
  3238 | D:3      | Learned a level 4 spell: Airstrike
  3834 | D:3      | Reached XP level 6. HP: 9/32 MP: 2/12
  4341 | D:4      | Reached skill level 6 in Air Magic
  4563 | D:4      | Found a staircase to the Ecumenical Temple.
  4570 | Temple   | Entered the Ecumenical Temple
  5289 | D:4      | Found a burning altar of Makhleb.
  5315 | D:4      | Noticed Pargi
  5316 | D:4      | Found a hazy altar of Hepliaklqana.
  5319 | D:4      | Killed Pargi
  5320 | D:4      | Reached XP level 7. HP: 36/36 MP: 0/14
  5445 | D:5      | Entered Level 5 of the Dungeon
  5556 | D:5      | Found a shimmering altar of Xom.
  5633 | D:5      | Identified the +8 whip "Cuhant" {speed, rElec}
  5666 | D:5      | Reached skill level 7 in Air Magic
  5740 | D:5      | Found a radiant altar of Vehumet.
  5751 | D:5      | Became a worshipper of Vehumet
  6667 | D:6      | Reached skill level 5 in Spellcasting
  6751 | D:6      | Reached skill level 8 in Air Magic
  6751 | D:6      | Reached XP level 8. HP: 39/41 MP: 9/16
  6886 | D:6      | Found a blossoming altar of Fedhas.
  6896 | D:6      | Reached skill level 5 in Conjurations
  6976 | D:6      | Found a glowing golden altar of the Shining One.
  6976 | D:6      | Found a snail-covered altar of Cheibriados.
  6976 | D:6      | Found a shadowy altar of Dithmenos.
  7866 | D:7      | Reached skill level 9 in Air Magic
  7961 | D:7      | Found an iron altar of Okawaru.
  8242 | D:7      | Succumbed to a kobold brigand's curare-tipped dart

Illustrated notes

Levels and vault maps discovered:
D:1:      dpeg_arrival_morbid_curiosity, layout_basic,
          shapermc_ecumenical_altar_petra, serial_park_tiny_2, minivault_26,
          minmay_small_reverse_x
D:2:      layout_rooms, minmay_tetromino_l2
D:3:      layout_rooms
D:4:      layout_cave_pools, mainiacjoe_overflow_two_lobes,
          minmay_temple_entry_grid, minmay_goblin_kobold_house, uniq_pargi
D:5:      layout_basic, lemuel_crystal_altar, vehumet_altar_wand_db,
          serial_corexii_hall, corexii_hall_statues_x, chequers_hall_statues_y,
          chequers_hall_statues_y, corexii_hall_statues_x,
          chequers_hall_statues_wall_a, chequers_hall_statues_y,
          corexii_corridor_pit
D:6:      layout_cave_pods, gammafunk_temple_overflow_claw, fedhas_altar_3,
          serial_glass, glass_columns_b, glass_columns_a, glass_columns_b,
          glass_columns_a
D:7:      layout_basic, nicolae_wu_jian_wuxing_cycle,
          mainiacjoe_overflow_boulevard, hangedman_abyss_or_decor_lesser_grid
Temple:   corrupted_temple

Skill      XL: |  1  2  3  4  5  6  7  8 |
---------------+-------------------------+-----
Conjurations   | 2 3 4 5 |  5.7
Air Magic      | 5 6 8 9 |  9.2
Spellcasting   | 3 4 5 6 |  6.1
Dodging        | 3 |  3.0
Stealth        | 3 |  3.0

Action                   |  1- 3 |  4- 6 |  7- 9 || total
-------------------------+-------+-------+-------++-------
Melee: Unarmed           |     7 |    14 |       ||    21
       Kick              |     3 |     8 |     4 ||    15
       Peck              |     1 |     2 |     2 ||     5
       Punch             |       |     2 |       ||     2
       Flail             |       |    13 |     5 ||    18
       Whip              |       |       |    16 ||    16
 Cast: Shock             |    78 |   134 |       ||   212
       Static Discharge  |       |     6 |    25 ||    31
       Airstrike         |       |     3 |    22 ||    25
 Stab: Sleeping          |       |       |     1 ||     1
Armor: Robe              |     3 |    10 |    15 ||    28
Dodge: Dodged            |    17 |    44 |    34 ||    95
